 Dungeon Crawl Stone Soup version 0.29.1-1-gd02db69 (webtiles) character file.

Game seed: 10090618344445074520

14 Hero the Digger (level 2, 0/16 HPs)
             Began as a Gargoyle Earth Elementalist on Nov 19, 2022.
             Slain by a quokka (3 damage)
             ... on level 1 of the Dungeon on Nov 20, 2022.
             The game lasted 00:02:22 (378 turns).

Hero the Digger (Gargoyle Earth Elementalist)        Turns: 378, Time: 00:02:23

Health: 0/16       AC:  5    Str: 11    XL:     2   Next: 41%
Magic:  5/5        EV:  9    Int: 15    God:
Gold:   41         SH:  0    Dex: 10    Spells: 4/5 levels left

rFire   . . .      SeeInvis .   (no weapon)
rCold   . . .      Faith    .   (no shield)
rNeg    + . .      Spirit   .   a - +1 robe
rPois   ∞          Reflect  .   (no helmet)
rElec   +          Harm     .   (no cloak)
rCorr   .          Rampage  .   (no gloves)
Will    .....                   (no boots)
Stlth   ++........              (no amulet)
HPRegen 0.05/turn               (no ring)
MPRegen 0.09/turn               (no ring)

@: constricted
A: sickness immunity, AC +2, negative energy resistance 1, electricity
resistance, torment resistance 1, petrification resistance
a: no special abilities


You were on level 1 of the Dungeon.
You visited 1 branch of the dungeon, and saw 1 of its levels.

You collected 41 gold pieces.

Inventory:

Missiles
 d - 6 poisoned darts
Armour
 a - a +1 robe (worn)
Potions
 b - a potion of magic
 c - a potion of degeneration
 e - a potion of curing {unknown}
 g - a potion of heal wounds {unknown}


   Skills:
 + Level 0.4 Fighting
 + Level 1.7 Dodging
 + Level 2.4 Stealth
 + Level 2.2 Spellcasting
 + Level 1.0 Transmutations
 + Level 3.8 Earth Magic


You had 4 spell levels left.
You knew the following spells:

 Your Spells              Type           Power      Damage    Failure   Level
a - Sandblast             Erth           26%        2d8       4%          1

Your spell library contained the following spells:

 Spells                   Type           Power      Damage    Failure   Level
 Passwall                 Tmut/Erth      6%         N/A       12%         2
 Stone Arrow              Conj/Erth      14%        3d7       30%         3
 Petrify                  Tmut/Erth      8%         N/A       63%         4


Dungeon Overview and Level Annotations

Branches:
Dungeon (1/15)

Altars:

Shops:
D:1 [


Innate Abilities, Weirdness & Mutations

You are immune to sickness and miasma.
Your stone body is resilient. (AC +2)
You are immune to poison.
You resist negative energy. (rN+)
You are resistant to electric shocks. (rElec)
You are resistant to unholy torment.
You are immune to petrification.


Message History

A ball python comes into view.
The quokka barely misses you. The quokka misses you.
The ball python barely misses you. x2
The quokka misses you. The ball python closely misses you.
The ball python grabs you. The ball python constricts you.
The quokka barely misses you. The ball python bites you.
The ball python constricts you.
The quokka bites you but does no damage.
The ball python bites you. The ball python constricts you.
The quokka barely misses you. The ball python closely misses you.
The ball python constricts you. The quokka closely misses you.
The ball python closely misses you. The ball python constricts you.
The quokka bites you. The ball python bites you.
The ball python constricts you.
The quokka bites you but does no damage.
The ball python barely misses you. The ball python constricts you.
The quokka closely misses you.
The ball python bites you but does no damage.
The ball python constricts you. The quokka closely misses you.
The ball python barely misses you. The ball python constricts you.
The quokka bites you but does no damage.
The ball python barely misses you. The ball python constricts you.
The quokka barely misses you.
The ball python bites you but does no damage.
The ball python constricts you. The quokka barely misses you.
The ball python barely misses you. The ball python constricts you.
The quokka bites you. The ball python barely misses you.
The ball python constricts you.
The quokka bites you but does no damage.
The ball python bites you.
* * * LOW HITPOINT WARNING * * *
The ball python constricts you.
The quokka bites you but does no damage.
The ball python bites you but does no damage.
The ball python constricts you. The quokka barely misses you.
The ball python barely misses you. The ball python constricts you.
* * * LOW HITPOINT WARNING * * *
The quokka bites you.
You die...

##.# ###.# #.# #.#
#...###.#####.##### #.#
#.......#.........# #.#
#).####.#..∩......# #.#
#..# #.#.........# #.#
#..# #.#.........#
#.###..####.#.........#
##...........#..r......#
#...............@S......
#.####..................
...###.#.#####..........
###.....#.## ###.####...
###..)...#.# #.# ..
..[.###...## #.# #
.....###.## #.#
.###.....# #.#
...####..#


You could see a quokka and a ball python.

Vanquished Creatures
  2 endoplasms (D:1)
  2 giant cockroaches (D:1)
  2 hobgoblins (D:1)
  A ball python (D:1)
  A kobold (D:1)
  A rat (D:1)
9 creatures vanquished.

Vanquished Creatures (collateral kills)
  A goblin (D:1)
  A hobgoblin (D:1)
  A rat (D:1)
3 creatures vanquished.

Grand Total: 12 creatures vanquished

Notes
Turn   | Place    | Note
-------+----------+-------------------------------------------
     0 | D:1      | Hero the Gargoyle Earth Elementalist began the quest for
                  | the Orb.
     0 | D:1      | Reached XP level 1. HP: 10/10 MP: 3/3
   126 | D:1      | Reached XP level 2. HP: 9/16 MP: 1/5
   154 | D:1      | Reached skill level 1 in Transmutations
   360 | D:1      | Found Ihastriqi's Armour Shop.
   378 | D:1      | Slain by a quokka

Illustrated notes

Levels and vault maps discovered:
D:1:      spicycebolla_arrival_ecumenical, layout_loops_ring, serial_shops, shop

Skill      XL: |  1  2 |
---------------+-------+-----
Transmutations | 1 |  1.0
Fighting       | |  0.4
Dodging        | |  1.7
Stealth        | |  2.4
Spellcasting   | |  2.2
Earth Magic    | |  3.8

Action                   || total
-------------------------++-------
Melee: Unarmed           ||    11
 Cast: Sandblast         ||    12
  Use: Scroll            ||     4
Armor: Robe              ||    13
Dodge: Dodged            ||    28
